[Event "1st Gujarat GM Open 2018"]
[Site "Ahmedabad"]
[Date "2018.10.07"]
[Round "3"]
[White "Niraula, Bhupendra"]
[Black "Jubin Jimmy"]
[Result "1/2-1/2"]
[ECO "A05"]
[WhiteElo "1932"]
[BlackElo "2308"]
[Annotator "NA"]
[PlyCount "143"]
[EventDate "2018.10.05"]
[EventType "swiss"]
[EventCountry "IND"]
[SourceTitle "playchess.com"]
[Source "ChessBase"]
[SourceQuality "1"]
[TimeControl "5400+30"]

1. Nf3 Nf6 2. g3 d5 3. Bg2 c5 4. b3 g6 5. Bb2 Bg7 6. O-O O-O 7. d3 Nc6 8. Nbd2 Qc7 9. a3 {A05: Réti Opening: 1 Nf3 Nf6} (9. e4 dxe4 10. dxe4 Rd8 11. Qe2 Nxe4 12. Nxe4 Bxb2 13. Rad1 Nd4 14. Qe3 Bf5 15. Ne1 Bg4 16. f3 Nf5 17. Rxd8+ Rxd8 {1-0 (61) Bordovsky,V (2409)-Volokitin,A (2640) Lvov 2016}) 9... e5 10. e4 Rd8 $146 {Threatens to win with ...dxe4.} ({Predecessor:} 10... dxe4 11. dxe4 Rd8 12. Qe2 Bg4 13. h3 Bxf3 14. Nxf3 Nd4 15. Nxd4 cxd4 16. c3 Qb6 {1-0 (50) Foisor,C (2330)-Trabert,B (2150) Novi Sad 1990}) 11. exd5 {Black has an edge.} Nxd5 12. Rb1 h6 13. Re1 Be6 14. Ne4 b6 15. Qd2 f5 16. Nc3 {[#]} e4 $1 {...Nxc3 is the strong threat.} 17. Nxd5 (17. dxe4 Nxc3) 17... Bxd5 ({Much weaker is} 17... Rxd5 $6 18. Bxg7 Qxg7 19. Qe2 $16) 18. Nh4 Bxb2 19. Rxb2 Qg7 20. Rbb1 Qc7 21. Rb2 Qg7 22. Rbb1 Ne5 23. Qe2 exd3 24. Qxe5 Qxe5 25. Rxe5 dxc2 26. Rc1 Be4 27. Rxe4 fxe4 28. Rxc2 Rd1+ 29. Bf1 Kg7 30. Ng2 Rad8 31. Ne3 Rb1 32. b4 cxb4 33. axb4 Rxb4 34. Rc7+ Kf6 35. Rxa7 Rb2 36. Rb7 Rb1 37. Kg2 h5 38. h4 Rd6 39. Bc4 Rc6 40. Bd5 Rc5 41. Bxe4 Rb2 42. g4 hxg4 43. Nxg4+ Ke6 44. Bxg6 b5 45. h5 b4 46. Bf7+ Kf5 47. h6 Kxg4 48. h7 Rf5 49. Rxb4+ Rxb4 50. h8=Q Rbf4 51. Qh3+ Kg5 52. Qh5+ Kf6 53. Qg6+ Ke7 54. Qe6+ Kf8 55. Qe8+ Kg7 56. Qg8+ Kf6 57. Qg6+ Ke7 58. Bc4 Rxf2+ 59. Kg1 Rf6 60. Qg7+ Kd6 61. Qg3+ Ke7 62. Qc7+ Ke8 63. Bd5 R2f4 64. Qc8+ Ke7 65. Qc7+ Ke8 66. Bc6+ Kf8 67. Qd8+ Kg7 68. Qd7+ Kh6 69. Qh3+ Kg7 70. Qd7+ Kh6 71. Qh3+ Kg7 72. Qd7+ {Rf8} 1/2-1/2

[Event "1st Gujarat GM Open 2018"]
[Site "Ahmedabad"]
[Date "2018.10.07"]
[Round "3"]
[White "Deota Snehil S"]
[Black "Toma, Katarzyna"]
[Result "1-0"]
[ECO "A05"]
[WhiteElo "1929"]
[BlackElo "2278"]
[Annotator "NA"]
[PlyCount "92"]
[EventDate "2018.10.05"]
[EventType "swiss"]
[EventCountry "IND"]
[SourceTitle "playchess.com"]
[Source "ChessBase"]
[SourceQuality "1"]
[TimeControl "5400+30"]

1. Nf3 Nf6 2. c4 g6 3. Nc3 d5 4. cxd5 Nxd5 5. Qb3 Nb6 6. d4 Bg7 7. Bf4 c6 8. Rd1 Be6 9. Qc2 Nd5 10. Be5 Bxe5 11. Nxe5 f6 12. Nd3 Na6 13. e4 Nxc3 14. Qxc3 Qd6 15. a3 Rd8 16. Nc1 Nc7 17. Be2 Nb5 18. Bxb5 cxb5 19. O-O b6 20. d5 Bd7 21. Nd3 Rc8 22. Qd4 Rc4 23. Qe3 O-O 24. Rfe1 a5 25. e5 fxe5 26. Nxe5 Rc2 27. f3 Rd8 28. h4 Qf6 29. Rd4 Rxb2 30. Qc3 Ra2 31. Qb3 Ra1 32. Rxa1 Qxe5 33. Rad1 Rc8 34. Re4 Qd6 35. Rde1 a4 36. Qb2 Re8 37. Re5 Qf6 38. Qb4 Kf7 39. R5e4 Bf5 40. Rf4 Rc8 41. Re6 Qa1+ 42. Kh2 Rc7 43. Re1 Qa2 44. Re5 Rc5 45. Qe4 Rc7 46. d6 exd6 1-0